 Dungeon Crawl Stone Soup version 0.18-a0-1800-gdc7a371 (webtiles) character file.

3222 M4edhros the Martial Artist (level 9, -7/55 HPs)
             Began as an Octopode Necromancer on Apr 24, 2016.
             Was a Believer of Cheibriados.
             Mangled by an unseen horror (8 damage)
             ... on level 10 of the Dungeon.
             The game lasted 00:35:47 (3528 turns).

M4edhros the Martial Artist (Octopode Necromancer)  Turns: 3528, Time: 00:35:48

Health: -7/55      AC:  4    Str: 11    XL:     9   Next: 98%
Magic:  11/12      EV: 10    Int: 28    God:    Cheibriados [**....]
Gold:   94         SH: 17    Dex: 19    Spells: 3 memorised, 7 levels left

rFire  . . .     SeeInvis .       - Unarmed
rCold  . . .     Gourm    .     C - +3 large shield {AC+3}
rNeg   + . .     Faith    .     (helmet restricted)
rPois  .         Spirit   .     (no amulet)
rElec  .         Dismiss  .     m - +6 ring of intelligence
rCorr  +         Reflect  .     y - ring of protection from magic
SustAt .         Harm     .     B - ring of resist corrosion
MR     +....                    H - ring of positive energy
Stlth  ++++......               (no ring)
                                (no ring)
                                (no ring)
                                (no ring)

@: very slow, somewhat resistant to hostile enchantments, stealthy
A: almost no armour, amphibious, 8 rings, constrict 8, camouflage 1, gelatinous
body 1
a: Bend Time, Renounce Religion


You were on level 10 of the Dungeon.
You worshipped Cheibriados.
Cheibriados was pleased with you.
You were not hungry.

You visited 2 branches of the dungeon, and saw 11 of its levels.

You collected 202 gold pieces.
You spent 108 gold pieces at shops.

Inventory:

Hand Weapons
 h - a +1 hunting sling of flaming
 p - a +4 flail of protection
 F - a +0 blowgun
Missiles
 d - 45 sling bullets
 i - 139 stones
 x - 3 poisoned tomahawks (quivered)
 z - 27 poisoned needles
Armour
 A - a +0 shield
 C - a +3 large shield of protection (worn)
Jewellery
 m - a +6 ring of intelligence (left tentacle)
 y - a ring of protection from magic (right tentacle)
 B - a ring of resist corrosion (on tentacle)
 D - an uncursed amulet of rage
 H - a ring of positive energy (on tentacle)
Wands
 f - a wand of flame (12/48)
 g - a wand of iceblast (3/15)
 j - a wand of flame (5/48)
 t - a wand of polymorph (9/24)
 v - a wand of flame (30/48)
 w - a wand of flame (15/48)
Scrolls
 e - 2 scrolls of magic mapping
 k - 2 scrolls of immolation
 l - a scroll of recharging
 o - a scroll of remove curse
 r - 2 scrolls of noise
 G - a scroll of enchant weapon
Potions
 c - a potion of brilliance
Books
 a - a book of Necromancy

   Spells                             Type                      Level
   a - Pain                           Necromancy                   1
   b - Animate Skeleton               Necromancy                   1
   c - Vampiric Draining              Necromancy                   3
   d - Regeneration                   Charms/Necromancy            3
   e - Animate Dead                   Necromancy                   4
   f - Control Undead                 Necromancy                   4
Comestibles
 b - 3 bread rations
 s - 3 meat rations
 u - a beef jerky
 E - a chunk of flesh


   Skills:
 * Level 2.8 Fighting
 + Level 3.4 Dodging
 - Level 2.6 Stealth
 * Level 6.5 Shields
 - Level 11.0 Unarmed Combat
 - Level 2.0 Spellcasting
 - Level 4.0 Necromancy


You had 7 spell levels left.
You knew the following spells:

 Your Spells              Type           Power        Failure   Level  Hunger
a - Pain                  Necr           ####         21%         1    None
b - Animate Skeleton      Necr           N/A          21%         1    None
r - Regeneration          Chrm/Necr      ##........   95%         3    ###....


Dungeon Overview and Level Annotations

Branches:
Dungeon (10/15)            Temple (1/1) D:5            Lair (0/8) D:10
    Orc: D:9-12

Altars:
Cheibriados
Dithmenos
Fedhas
Gozag
Kikubaaqudgha
Makhleb
Nemelex Xobeh
Qazlal
Sif Muna
Zin
The Shining One

Shops:
D:7 [

Annotations:
D:4 pedritolo's ghost, amateur VSMo
D:9 Shenda's ghost, novice MiFi


Innate Abilities, Weirdness & Mutations

You cannot wear most types of armour.
You are amphibious.
You can wear up to eight rings at the same time.
You can use your tentacles to constrict eight enemies at once.
Your skin changes colour to match your surroundings (Stealth).
Your rubbery body absorbs attacks (AC +1).


Message History

Press: ? - help, Shift-Dir - straight line, f - howler monkey
Aim: a howler monkey (slow, chance to defeat MR: 54%)
The killer bee resists with significant effort.
This wand has 9 charges left.
The howler monkey is no longer moving slowly.
You block the killer bee's attack. Something hits you!
* * * LOW HITPOINT WARNING * * *
You block the killer bee's attack.
You closely miss the killer bee. You grab the killer bee.
You constrict the killer bee. The killer bee stings you.
* * * LOW HITPOINT WARNING * * *
You block the howler monkey's attack. x2; You block something's attack.
The killer bee barely misses you. You block the howler monkey's attack.
The howler monkey bites you but does no damage.
Unknown command.
Unknown command.
You tentacle-slap the killer bee.
The killer bee is heavily wounded.
You constrict the killer bee. Something hits you!
You die...

#.# #. #.#
..##.###.######
#.#..........#
..#.......<....###
#.#............#).
..........<......#
.......†.......###
...............#
..........@....#
.[..#.....yh...# ...
#..........# ## #.
###.##.##### .. #
#.##...# .# #.####.# h#
#.# #.# .#
#.####.#####.####
#.#####.#.............#


You could see a howler monkey and a killer bee.

Vanquished Creatures
  Erica (D:8)
  Sigmund (D:3)
  A wraith (D:10)
  A wyvern (D:10)
  Edmund (D:5)
  A hippogriff (D:7)
  A sky beast (D:8)
  An ice beast (D:5)
  3 centaurs
  An ogre (D:6)
  2 big kobolds
  2 giant frogs
  2 scorpions
  A water moccasin skeleton (D:6)
  5 wights (D:8)
  A killer bee (D:8)
  A howler monkey (D:5)
  A crimson imp (D:7)
  A giant frog skeleton (D:3)
  A centaur skeleton (D:8)
  3 hounds
  Crazy Yiuf (D:5)
  An orc priest (D:5)
  Jessica (D:2)
  2 iguanas
  An orc wizard (D:4)
  3 worker ants
  A hound skeleton (D:6)
  A worker ant zombie (D:7)
  9 adders
  A shadow imp (D:5)
  2 oozes
  An adder zombie (D:5)
  2 worms
  A dart slug (D:1)
  A giant gecko (D:3)
  23 orcs
  8 bats
  4 giant cockroaches
  3 goblins
  14 hobgoblins
  A quokka (D:3)
  7 giant newts
  2 jackal skeletons
  15 kobolds
  6 rats
  A fungus (D:5)
144 creatures vanquished.

Vanquished Creatures (collateral kills)
  An ogre (D:4)
  An adder (D:4)
  A giant newt (D:3)
3 creatures vanquished.

Grand Total: 147 creatures vanquished

Notes
Turn   | Place    | Note
--------------------------------------------------------------
     0 | D:1      | M4edhros the Octopode Necromancer began the quest for the Orb.
     0 | D:1      | Reached XP level 1. HP: 11/11 MP: 3/3
    46 | D:2      | Reached skill level 1 in Unarmed Combat
    65 | D:2      | Noticed Jessica
   111 | D:3      | Reached XP level 2. HP: 6/17 MP: 0/5
   129 | D:2      | Learned a level 1 spell: Animate Skeleton
   143 | D:2      | Killed Jessica
   143 | D:2      | Reached skill level 2 in Unarmed Combat
   143 | D:2      | Reached XP level 3. HP: 9/21 MP: 2/6
   148 | D:2      | Learned a level 3 spell: Regeneration
   233 | D:1      | Reached skill level 3 in Unarmed Combat
   477 | D:3      | Reached XP level 4. HP: 12/27 MP: 1/7
   699 | D:3      | Noticed Sigmund
   714 | D:3      | Killed Sigmund
   714 | D:3      | Reached skill level 5 in Unarmed Combat
   714 | D:3      | Reached XP level 5. HP: 20/31 MP: 4/8
   714 | D:3      | Reached XP level 6. HP: 24/36 MP: 4/9
   748 | D:3      | Reached skill level 6 in Unarmed Combat
  1284 | D:4      | Reached skill level 7 in Unarmed Combat
  1284 | D:4      | Reached XP level 7. HP: 35/41 MP: 1/10
  1638 | D:5      | Entered Level 5 of the Dungeon
  1882 | D:5      | Reached skill level 8 in Unarmed Combat
  1889 | D:5      | Noticed Edmund
  1912 | D:5      | Killed Edmund
  1965 | D:5      | Reached XP level 8. HP: 35/46 MP: 11/11
  1988 | D:5      | Reached skill level 9 in Unarmed Combat
  2049 | D:5      | Found a staircase to the Ecumenical Temple.
  2053 | Temple   | Entered the Ecumenical Temple
  2062 | Temple   | Became a worshipper of Cheibriados the Contemplative
  2190 | D:4      | Noticed pedritolo's ghost (amateur VSMo)
  2368 | D:5      | Noticed Crazy Yiuf
  2378 | D:5      | Killed Crazy Yiuf
  2598 | D:7      | Found Juk Ome's Antique Armour Emporium.
  2620 | D:7      | Reached skill level 1 in Shields
  2633 | D:7      | Bought a shiny large shield for 108 gold pieces
  2792 | D:6      | Reached * piety under Cheibriados
  2843 | D:6      | Reached skill level 10 in Unarmed Combat
  2996 | D:7      | Found an opulent altar of Gozag.
  2999 | D:7      | Found a stormy altar of Qazlal.
  3046 | D:8      | Reached XP level 9. HP: 28/51 MP: 12/12
  3067 | D:8      | Noticed Erica
  3074 | D:8      | Killed Erica
  3074 | D:8      | Reached skill level 5 in Shields
  3074 | D:8      | Reached skill level 11 in Unarmed Combat
  3246 | D:8      | Reached ** piety under Cheibriados
  3246 | D:8      | Reached skill level 1 in Fighting
  3359 | D:8      | Found a glowing golden altar of the Shining One.
  3359 | D:8      | Found an ancient bone altar of Kikubaaqudgha.
  3419 | D:9      | Noticed Shenda's ghost (novice MiFi)
  3456 | D:10     | Entered Level 10 of the Dungeon
  3495 | D:10     | Found a staircase to the Lair.
  3527 | D:10     | HP: 1/55 [killer bee (6)]
  3528 | D:10     | Mangled by an unseen horror

Vault maps used:
D:1:      dpeg_arrival_shrine
D:2:      minmay_vboxes, uniq_jessica
D:3:      minmay_liquid_box, uniq_sigmund
D:4:      hangedman_decor_clover_reticule
D:5:      kennysheep_kobold_camp, minmay_temple_entry_glassed_door, first_bread,
          uniq_edmund, uniq_crazy_yiuf_cottage
D:7:      nicolae_overflow_hidden_temple, serial_shops,
          nicolae_shop_overgrown_old_shop
D:8:      gammafunk_temple_overflow_elements, david_nohive_1, uniq_erica
D:10:     lair_0_dummy
Temple:   water_room_temple_a_12

Skill      XL: |  1  2  3  4  5  6  7  8  9 |
---------------+----------------------------+-----
Unarmed Combat | 1 2 3 5 7 8 10 11 | 11.0
Shields        | 3 6 |  6.5
Fighting       | 2 |  2.8
Dodging        | 3 |  3.4
Stealth        | |  2.6
Spellcasting   | |  2.0
Necromancy     | |  4.0

Action                   |  1- 3 |  4- 6 |  7- 9 || total
-------------------------+-------+-------+-------++-------
Melee: Unarmed           |    43 |    72 |   213 ||   328
       Constrict         |    14 |    18 |    42 ||    74
       Tentacles         |     9 |    13 |    43 ||    65
       Punch             |       |     1 |    11 ||    12
       Flail             |       |       |    29 ||    29
 Fire: Hunting sling     |       |       |     9 ||     9
Throw: Tomahawk          |       |       |     5 ||     5
 Cast: Pain              |    21 |    29 |    13 ||    63
       Animate Skeleton  |     2 |     9 |    14 ||    25
       Regeneration      |     3 |    11 |    34 ||    48
Invok: Bend Time         |       |       |     1 ||     1
Evoke: Wand              |       |       |     9 ||     9
  Use: Potion            |     1 |     3 |     5 ||     9
       Scroll            |       |       |    22 ||    22
 Stab: Sleeping          |     2 |     2 |     8 ||    12
       Distracted        |       |       |     1 ||     1
  Eat: Chunk             |       |     3 |    11 ||    14
       Royal jelly       |       |       |     1 ||     1
Armor: Skin              |     2 |     5 |    43 ||    50
Dodge: Dodged            |    21 |    38 |    89 ||   148
Block: Large shield      |       |       |    96 ||    96
